[Event "GER-chT States Women 2022"]
[Site "Braunfels"]
[Date "2022.06.17"]
[Round "2.32"]
[White "Perovic-Ottstadt, Sanja"]
[Black "Freter, Anke"]
[Result "0-1"]
[ECO "A48"]
[WhiteElo "1507"]
[BlackElo "1856"]
[Annotator "NA RC"]
[PlyCount "76"]
[EventDate "2022.06.15"]
[EventType "swiss"]
[EventCountry "GER"]
[SourceTitle "playchess.com"]
[Source "ChessBase"]
[SourceQuality "1"]
[TimeControl "40/5400+30:1800+30"]

1. d4 Nf6 2. Nf3 g6 3. c3 Bg7 4. Bg5 O-O 5. Nbd2 d6 6. e4 Nbd7 7. Bd3 Re8 8. O-O e5 9. dxe5 Nxe5 10. Nxe5 dxe5 11. Bc4 h6 12. Bh4 g5 13. Bg3 Qe7 14. f3 Nh5 15. Bf2 Nf4 16. Qb3 c6 17. Rfe1 g4 18. Rad1 (18. Be3 $142) 18... h5 19. Nf1 gxf3 20. gxf3 Nh3+ 21. Kg2 Qf6 22. Be3 Qg6+ 23. Kh1 b5 24. Be2 Bh6 25. Bc5 Be6 26. c4 Nf4 27. Ne3 Kh7 $15 ({Of course not} 27... Nxe2 28. Rxe2 Qf6 29. Qc2) 28. Rg1 Qf6 29. Qc2 Nxe2 30. Qxe2 Bxe3 31. Qxe3 Bxc4 32. b3 Be6 33. Rd6 Rg8 34. Rxc6 Rxg1+ 35. Kxg1 Rg8+ 36. Kh1 Qg7 37. Qg1 Qh6 38. Qf2 Qc1+ 0-1

[Event "GER-chT States Women 2022"]
[Site "Braunfels"]
[Date "2022.06.17"]
[Round "2.33"]
[White "Wagner, Victoria"]
[Black "Rieping, Lea"]
[Result "0-1"]
[ECO "B01"]
[WhiteElo "1806"]
[BlackElo "1912"]
[Annotator "NA RC"]
[PlyCount "90"]
[EventDate "2022.06.15"]
[EventType "swiss"]
[EventCountry "GER"]
[SourceTitle "playchess.com"]
[Source "ChessBase"]
[SourceQuality "1"]
[TimeControl "40/5400+30:1800+30"]

1. e4 d5 2. exd5 Qxd5 3. Nc3 Qa5 4. d4 Nf6 5. Bc4 Nc6 6. Nge2 Bg4 7. Bd2 O-O-O 8. f3 Bh5 9. a3 Qf5 10. Ng3 Qd7 11. Nxh5 Nxh5 12. Bxf7 (12. d5 $16 Nd4 13. Bg5) 12... Qxd4 13. Bxh5 ({White should try} 13. Ne4 $14 Nf6 14. c3) 13... Qe5+ (13... Qh4+ $15 14. Kf1 Qxh5) 14. Qe2 Qxh5 15. Qe6+ Kb8 16. Be3 g6 17. O-O Rd6 18. Qg4 Qxg4 19. fxg4 Bg7 20. Rf7 Bxc3 21. bxc3 Rf6 22. Rxf6 exf6 23. Rf1 Re8 24. Rxf6 Ne5 25. h3 Nc4 26. Bc1 Kc8 27. Kf2 Kd7 28. Rf7+ $11 Re7 29. Rxe7+ Kxe7 30. g5 Kd7 31. Ke2 Kc6 32. Kd3 Kd5 33. g3 b6 34. g4 c6 35. a4 a5 36. Ke2 b5 37. axb5 cxb5 38. Kd1 a4 39. Ke2 a3 40. Bxa3 Nxa3 41. c4+ bxc4 42. Kd2 Kd4 43. h4 c3+ 44. Kd1 Nc4 45. h5 Ne3+ 0-1

[Event "GER-chT States Women 2022"]
[Site "Braunfels"]
[Date "2022.06.17"]
[Round "2.34"]
[White "Nizamova, Rita"]
[Black "Albayrak, Nese Pinar"]
[Result "1-0"]
[ECO "E91"]
[WhiteElo "1814"]
[BlackElo "1683"]
[Annotator "NA RC"]
[PlyCount "86"]
[EventDate "2022.06.15"]
[EventType "swiss"]
[EventCountry "GER"]
[SourceTitle "playchess.com"]
[Source "ChessBase"]
[SourceQuality "1"]
[TimeControl "40/5400+30:1800+30"]

1. d4 Nf6 2. c4 g6 3. Nc3 Bg7 4. e4 d6 5. Nf3 O-O 6. Be2 Nc6 7. d5 Nb4 8. O-O Na6 9. h3 Nc5 10. Qc2 a5 $14 11. Be3 Re8 12. Bxc5 dxc5 13. e5 Bf5 14. Qc1 Nd7 15. g4 Nxe5 16. gxf5 gxf5 17. Nxe5 Bxe5 18. Qg5+ Kh8 19. Qxf5 Rg8+ 20. Kh1 Bd4 21. Rg1 e6 22. dxe6 fxe6 23. Rxg8+ Qxg8 24. Qg4 Bxf2 25. Qxg8+ Rxg8 26. Bg4 e5 27. Rf1 Bd4 28. Rf7 h5 29. Bxh5 Rg1+ 30. Kh2 Rc1 31. Rxc7 Rc2+ 32. Kg3 Rxb2 33. Nb5 Rxa2 34. Rxb7 Rc2 35. Nd6 a4 36. Ra7 Rc3+ 37. Kg4 a3 38. Bg6 Rb3 39. Nf5 Rb8 40. Rh7+ Kg8 41. Ne7+ Kf8 42. Rh8+ Kxe7 43. Rxb8 a2 1-0

[Event "GER-chT States Women 2022"]
[Site "Braunfels"]
[Date "2022.06.17"]
[Round "2.35"]
[White "Pavlov, Liliane"]
[Black "Moeller, Hannah"]
[Result "1-0"]
[ECO "D70"]
[WhiteElo "1742"]
[BlackElo "1833"]
[Annotator "NA RC"]
[PlyCount "69"]
[EventDate "2022.06.15"]
[EventType "swiss"]
[EventCountry "GER"]
[SourceTitle "playchess.com"]
[Source "ChessBase"]
[SourceQuality "1"]
[TimeControl "40/5400+30:1800+30"]

1. d4 Nf6 2. c4 g6 3. Nf3 Bg7 4. g3 d6 5. Bg2 O-O 6. O-O c5 7. dxc5 dxc5 8. Nc3 Nc6 9. Be3 Be6 10. Rc1 Bxc4 11. Qa4 Be6 12. Bxc5 Nd5 13. Nxd5 Qxd5 14. Nd4 {[%emt 0:02:48] [#]} Qxa2 $14 ({Better is} 14... Nxd4 $1 $11 15. Bxd5 Nxe2+ 16. Kg2 Bxd5+ 17. f3 Nxc1 18. Rxc1 Rfc8) 15. Qxa2 Bxa2 16. Nxc6 bxc6 17. Bxc6 Rab8 (17... Rac8 $14 {is more appropriate.} 18. Bxe7 Bxb2) 18. Bxe7 Rfc8 19. b4 Bf8 20. Bxf8 Kxf8 21. b5 Rb6 22. Bd7 Rd8 23. Rc7 a6 24. Ra1 Bc4 25. Rxc4 Rxd7 26. bxa6 Ra7 27. Rca4 Ke7 28. Kg2 Kd7 29. Kf3 Rf6+ 30. Rf4 Ke7 31. Rxf6 Kxf6 32. Kf4 h6 33. h4 Ke6 34. e4 f6 35. Ke3 1-0

[Event "GER-chT States Women 2022"]
[Site "Braunfels"]
[Date "2022.06.17"]
[Round "2.36"]
[White "Kiesel, Lara"]
[Black "Prinzen, Siri Marleen"]
[Result "0-1"]
[ECO "B10"]
[WhiteElo "1737"]
[BlackElo "1744"]
[Annotator "NA RC"]
[PlyCount "84"]
[EventDate "2022.06.15"]
[EventType "swiss"]
[EventCountry "GER"]
[SourceTitle "playchess.com"]
[Source "ChessBase"]
[SourceQuality "1"]
[TimeControl "40/5400+30:1800+30"]

1. e4 c6 2. Nf3 d5 3. Nc3 Nf6 4. e5 Ne4 5. d4 Nxc3 6. bxc3 e6 7. Be2 c5 8. Be3 Nc6 9. O-O c4 10. Ne1 Ba3 11. Bc1 Be7 12. a4 Qa5 13. Bd2 Bd7 14. f4 O-O-O 15. Nf3 Nb8 16. Ng5 Rdf8 17. Qe1 h6 18. Nh3 g6 19. Qb1 Bc6 20. Nf2 Nd7 21. Nd1 a6 22. Qa2 Nb6 23. Nb2 Nd7 24. Rf3 f5 25. g3 g5 26. h3 Rfg8 27. Rf2 gxf4 28. Bxf4 Qxc3 29. Rd1 Qa3 30. Qb1 Qb4 31. Kh2 c3 32. Nd3 Qxb1 33. Rxb1 Bxa4 34. Ra1 Bxc2 35. Rc1 Bxd3 36. Rxc3+ Bc4 37. Bxc4 dxc4 38. Rxc4+ Kb8 39. Rfc2 Nb6 40. Rc7 Nd5 41. Rd7 Rd8 42. Rxd8+ Bxd8 0-1

[Event "GER-chT States Women 2022"]
[Site "Braunfels"]
[Date "2022.06.17"]
[Round "2.37"]
[White "Albayrak, Berrak"]
[Black "Wilmink, Anna"]
[Result "1-0"]
[ECO "C00"]
[WhiteElo "1569"]
[BlackElo "1700"]
[Annotator "NA RC"]
[PlyCount "101"]
[EventDate "2022.06.15"]
[EventType "swiss"]
[EventCountry "GER"]
[SourceTitle "playchess.com"]
[Source "ChessBase"]
[SourceQuality "1"]
[TimeControl "40/5400+30:1800+30"]

1. e4 e6 2. d3 d5 3. Nd2 Nf6 4. g3 d4 5. Bg2 e5 6. Ne2 Nfd7 7. O-O Be7 8. f4 f6 9. f5 Nc6 10. Nf3 Bc5 11. Kh1 Nb6 12. c3 a5 13. g4 Qd6 14. Qc2 dxc3 15. bxc3 Qe7 16. d4 exd4 17. cxd4 Bd6 18. a3 Bd7 19. Bf4 Bxf4 20. Nxf4 O-O-O 21. Rfc1 Be8 22. Ne6 Rd7 23. Qd2 a4 24. d5 Ne5 25. Nxe5 fxe5 26. Qb2 Qd6 27. Rab1 h5 28. Qxb6 Qxb6 29. Rxb6 hxg4 30. Rb4 Rf7 31. Rbc4 c6 32. Rxa4 Kb8 33. Rb4 Kc8 34. dxc6 Bxc6 35. Rb5 g3 36. h3 Kd7 37. Rxe5 b6 38. Ng5 Rff8 39. Rd1+ Kc8 40. Rc1 Kd7 41. Re6 Ba8 42. Rg6 Rfg8 43. Ne6 Rh7 44. Rxg3 Kd6 45. Rd3+ Ke5 46. Ng5 Rh5 47. Nf7+ Kf6 48. Rc7 g6 49. Rd6+ Kg7 50. Ne5+ Kh8 51. Nxg6+ 1-0

[Event "GER-chT States Women 2022"]
[Site "Braunfels"]
[Date "2022.06.17"]
[Round "2.38"]
[White "Balazs, Kata"]
[Black "Schilay, Maria"]
[Result "0-1"]
[ECO "D00"]
[WhiteElo "1679"]
[BlackElo "1568"]
[Annotator "NA RC"]
[PlyCount "63"]
[EventDate "2022.06.15"]
[EventType "swiss"]
[EventCountry "GER"]
[SourceTitle "playchess.com"]
[Source "ChessBase"]
[SourceQuality "1"]
[TimeControl "40/5400+30:1800+30"]

1. d4 d5 2. Nc3 c6 3. Bf4 Nf6 4. e3 Bf5 5. f3 e6 6. g4 Bg6 7. Bd3 Bd6 8. Nge2 Qc7 9. h4 Bxd3 10. Qxd3 Nbd7 11. Bxd6 Qxd6 12. O-O-O O-O-O 13. h5 g6 14. Rh3 e5 15. Ng3 Rhe8 16. g5 Ng8 17. hxg6 hxg6 18. e4 Nb6 19. exd5 Nxd5 20. Nge4 Qe6 21. Rh4 Nge7 22. Nxd5 Nxd5 23. Nc5 Qe7 24. Ne4 Qc7 25. Qb3 Nf4 26. Nc5 Ne2+ 27. Kb1 Nxd4 28. Qc3 Rd5 29. Ne4 Red8 30. Nf2 Qd6 31. Qe1 Nxf3 32. Ne4 0-1

[Event "GER-chT States Women 2022"]
[Site "Braunfels"]
[Date "2022.06.17"]
[Round "2.39"]
[White "Albayrak, Aylin"]
[Black "Hielscher, Ursula"]
[Result "1-0"]
[ECO "D30"]
[WhiteElo "1671"]
[BlackElo "1717"]
[Annotator "NA RC"]
[PlyCount "67"]
[EventDate "2022.06.15"]
[EventType "swiss"]
[EventCountry "GER"]
[SourceTitle "playchess.com"]
[Source "ChessBase"]
[SourceQuality "1"]
[TimeControl "40/5400+30:1800+30"]

1. d4 d5 2. c4 e6 3. Nf3 Nf6 4. Bg5 Nbd7 5. cxd5 exd5 6. Nc3 c6 7. e3 Bb4 8. Qb3 Bd6 9. Bd3 h6 10. Bh4 O-O 11. O-O Re8 12. Rac1 Nf8 13. Rfe1 Ng6 14. Bg3 Bxg3 15. hxg3 Rb8 16. Qc2 Nf8 17. b4 Qe7 18. b5 Bd7 19. Ne5 c5 20. Nxd7 N8xd7 21. dxc5 Qxc5 22. Qb3 Rbc8 23. Ne2 Qb6 24. Bf5 Rxc1 25. Rxc1 g6 26. Bxd7 Nxd7 27. Qxd5 Nf6 28. Qb3 Qa5 29. Nf4 g5 30. Ne2 Ne4 31. Qb2 Nd6 32. Nd4 Ne4 33. Nf5 f6 34. Qb3+ 1-0

[Event "GER-chT States Women 2022"]
[Site "Braunfels"]
[Date "2022.06.17"]
[Round "2.40"]
[White "Zoellner, Bente"]
[Black "Alferova, Emily"]
[Result "1-0"]
[ECO "D43"]
[WhiteElo "1589"]
[BlackElo "1536"]
[Annotator "NA RC"]
[PlyCount "95"]
[EventDate "2022.06.15"]
[EventType "swiss"]
[EventCountry "GER"]
[SourceTitle "playchess.com"]
[Source "ChessBase"]
[SourceQuality "1"]
[TimeControl "40/5400+30:1800+30"]

1. d4 d5 2. c4 e6 3. Nf3 Nf6 4. Nc3 c6 5. Bg5 h6 6. Bh4 dxc4 7. a4 g5 8. Bg3 Bb4 9. e3 Ne4 10. Qc2 Bxc3+ 11. bxc3 Nxg3 12. hxg3 Nd7 13. Bxc4 Qf6 14. Qe4 Nb6 15. Bb3 a5 16. c4 Qe7 17. c5 Nd7 18. Bc4 Qf6 19. Rd1 Qe7 20. Ke2 Nf8 21. Qe5 Ng6 22. Qd6 Qxd6 23. cxd6 Bd7 24. Bd3 f5 25. Rb1 Rb8 26. Rb6 Rh7 27. Nxg5 Rh8 28. Nf3 Bc8 29. Ne5 Nxe5 30. dxe5 Ra8 31. g4 fxg4 32. Bg6+ Kf8 33. Rh4 h5 34. Rxh5 Rg8 35. Bd3 g3 36. f4 Rb8 37. Kf3 Bd7 38. Rh7 Rg7 39. Rxg7 Kxg7 40. Kxg3 Kh6 41. Kh4 Kg7 42. Kg5 Bc8 43. Ba6 Kf7 44. Kh6 c5 45. Bb5 c4 46. d7 Bxd7 47. Bxd7 c3 48. Bxe6+ 1-0